 Seeded DCSS version 0.29.1-15-g9cfb28693d (webtiles) character file.

Game seed: 6320845443627075161 (custom seed)

75 Psyclone the Firebug (level 4, 0/24 HPs)
             Began as a Deep Elf Fire Elementalist on Sept 23, 2023.
             Hit by a boomerang thrown by an orc (5 damage)
             ... on level 3 of the Dungeon.
             The game lasted 00:04:09 (2656 turns).

Psyclone the Firebug (Deep Elf Fire Elementalist)   Turns: 2656, Time: 00:04:10

Health: 0/24       AC:  3    Str:  5    XL:     4   Next: 11%
Magic:  10/19      EV: 12    Int: 22    God:
Gold:   167        SH:  0    Dex: 15    Spells: 3/9 levels left

rFire   . . .      SeeInvis .   a - +3 short sword
rCold   . . .      Faith    .   (no shield)
rNeg    . . .      Spirit   .   r - +0 robe
rPois   .          Reflect  .   l - +1 hat {Stlth+}
rElec   .          Harm     .   (no cloak)
rCorr   .          Rampage  .   (no gloves)
Will    .....                   (no boots)
Stlth   +++.......              (no amulet)
HPRegen 0.08/turn               p - ring of magical power
MPRegen 0.16/turn               (no ring)

@: no status effects
A: no striking features
a: no special abilities


You were on level 3 of the Dungeon.
You visited 1 branch of the dungeon, and saw 3 of its levels.

You collected 167 gold pieces.

Inventory:

Hand Weapons
 a - a +3 short sword (weapon)
Armour
 l - a +1 hat of stealth (worn)
 r - a +0 robe (worn)
Magical Staves
 i - a staff of air
Jewellery
 p - a ring of magical power (left hand)
Wands
 d - a wand of flame (13)
Scrolls
 c - a scroll of teleportation
 e - 2 scrolls of magic mapping {unknown}
 k - 2 scrolls of vulnerability {unknown}
 n - a scroll of acquirement {unknown}
 o - 3 scrolls of identify {unknown}
 s - a scroll of blinking {unknown}
Potions
 b - a potion of magic
 f - a potion of resistance {unknown}
 g - a potion of curing
 h - a potion of haste {unknown}
 j - 2 potions of brilliance {unknown}
 m - 2 potions of flight {unknown}
 q - 2 potions of might {unknown}


   Skills:
 - Level 2.4 Dodging
 - Level 2.4 Stealth
 - Level 3.0 Spellcasting
 - Level 1.1 Conjurations
 + Level 5.5 Fire Magic


You had 3 spell levels left.
You knew the following spells:

 Your Spells              Type           Power      Damage    Failure   Level
a - Foxfire               Conj/Fire      68%        2x1d7     3%          1
b - Scorch                Fire           54%        2d7       1%          2
c - Conjure Flame         Conj/Fire      17%        6-21      10%         3

Your spell library contained the following spells:

 Spells                   Type           Power      Damage    Failure   Level
 Freeze                   Ice            12%        1d4       12%         1
 Inner Flame              Hex/Fire       15%        N/A       12%         3
 Frozen Ramparts          Ice            6%         1d1       36%         3
 Flame Wave               Conj/Fire      17%        2d7       32%         4
 Hailstorm                Conj/Ice       5%         3d4       69%         4


Dungeon Overview and Level Annotations

Branches:
Dungeon (3/15) Zot: 15344

Altars:
Wu Jian

Shops:
D:2 :


Message History

Casting: Foxfire (safe; 3% risk of failure)
Confirm with . or Enter, or press ? or * to list all spells.
You conjure some foxfire!
You now have 15/18 mp.
Casting: Foxfire (safe; 3% risk of failure)
Confirm with . or Enter, or press ? or * to list all spells.
You conjure some foxfire!
The foxfire hits the orc priest.
The orc priest is moderately wounded.
The foxfire hits the orc priest.
The orc priest is heavily wounded.
You now have 14/18 mp.
Casting: Foxfire (safe; 3% risk of failure)
Confirm with . or Enter, or press ? or * to list all spells.
You conjure some foxfire!
The foxfire hits the orc priest.
The orc priest is almost dead.
The orc priest hits you from afar with a +0 trident.
* * * LOW HITPOINT WARNING * * *
Your magical contamination has completely faded away.
You take 4 damage, and have 3/19 hp.
MASSIVE DAMAGE!!
You now have 13/18 mp.
Casting: Foxfire (safe; 3% risk of failure)
Confirm with . or Enter, or press ? or * to list all spells.
You conjure some foxfire!
The foxfire hits the orc priest.
You kill the orc priest!
You have reached level 4!
You feel clever.
You now have 12/19 mp.
Casting: Foxfire (safe; 3% risk of failure)
Confirm with . or Enter, or press ? or * to list all spells.
You conjure some foxfire!
The foxfire hits the kobold.
You kill the kobold!
You now have 11/19 mp.
Casting: Foxfire (safe; 3% risk of failure)
Confirm with . or Enter, or press ? or * to list all spells.
You conjure some foxfire!
The foxfire hits the orc.
The orc is heavily wounded.
Casting: Foxfire (safe; 3% risk of failure)
Confirm with . or Enter, or press ? or * to list all spells.
You conjure some foxfire!
The foxfire hits the orc.
The orc is severely wounded.
The orc throws a boomerang.
The boomerang hits you.
You die...

#.####...
##..)...# .)
.#..##### #.
.#..# #.
.#..##### #o
## ........#
#§ o#
†#.####.#
#§#§# .#.#
#v§v# .#.# #@#
.... #v# ####
#.# #.#
######.##
#.......#####>
#.............
######...####^
#>..##


You could see 2 orcs.

Vanquished Creatures
  An orc priest (D:3)
  2 adders
  2 dart slugs (D:2)
  3 orcs (D:3)
  5 ball pythons
  3 goblins
  4 bats
  A frilled lizard (D:3)
  2 kobolds (D:3)
  2 rats
25 creatures vanquished.

Vanquished Creatures (others)
  132 foxfires
132 creatures vanquished.

Grand Total: 157 creatures vanquished

Notes
Turn   | Place    | Note
-------+----------+-------------------------------------------
     0 | D:1      | Psyclone the Deep Elf Fire Elementalist began the quest for
                  | the Orb.
     0 | D:1      | Reached XP level 1. HP: 10/10 MP: 6/6
   810 | D:2      | Found Weil's Book Boutique.
   886 | D:2      | Found a faded altar of an unknown god.
   922 | D:2      | Reached XP level 2. HP: 12/15 MP: 2/8
  1016 | D:2      | Reached skill level 4 in Fire Magic
  1932 | D:3      | Learned a level 2 spell: Scorch
  2134 | D:3      | Reached XP level 3. HP: 19/19 MP: 6/9
  2236 | D:3      | Learned a level 3 spell: Conjure Flame
  2330 | D:3      | Found an ornate altar of the Wu Jian Council.
  2646 | D:3      | Reached skill level 5 in Fire Magic
  2654 | D:3      | Reached XP level 4. HP: 4/24 MP: 10/10
  2656 | D:3      | Hit by a boomerang thrown by an orc

Illustrated notes

Levels and vault maps discovered:
D:1:      dpeg_arrival_lava_temple_mockup, layout_basic
D:2:      layout_loops_ring, shapermc_ecumenical_altar_starsandcircs,
          serial_shops, nicolae_shop_window_shopping
D:3:      layout_loops_ring, pdpol_wu_jian_five_deadly_venoms, corexii_shack,
          uniq_crazy_yiuf_cottage

Skill      XL: |  1  2  3 |
---------------+----------+-----
Fire Magic     | 4 5 |  5.5
Dodging        | |  2.4
Stealth        | |  2.4
Spellcasting   | |  3.0
Conjurations   | |  1.1

Action                   |  1- 3 |  4- 6 || total
-------------------------+-------+-------++-------
Melee: Short sword       |     4 |       ||     4
       Punch             |     1 |       ||     1
 Cast: Foxfire           |    84 |     3 ||    87
       Scorch            |     1 |       ||     1
  Use: Scroll            |     1 |       ||     1
       Potion            |     1 |       ||     1
Armor: Robe              |     5 |       ||     5
Dodge: Dodged            |     5 |       ||     5
